 Dungeon Crawl Stone Soup version 0.29.0-11-gd7f09526c8 (webtiles) character file.

Game seed: 11287683268278030863

1226 Ordine the Cudgeller (level 8, 0/51 HPs)
             Began as a Gargoyle Fighter on Sept 6, 2022.
             Slain by a wight
             ... wielding a +3 war axe of freezing
              (4 damage)
             ... on level 5 of the Dungeon.
             The game lasted 00:10:26 (5118 turns).

Ordine the Cudgeller (Gargoyle Fighter)             Turns: 5118, Time: 00:10:27

Health: 0/51       AC: 13    Str: 23    XL:     8   Next: 47%
Magic:  8/8        EV:  9    Int:  8    God:
Gold:   133        SH:  4    Dex:  9    Spells: 7/7 levels left

rFire   . . .      SeeInvis .   a - +0 flail
rCold   . . .      Faith    .   c - +0 buckler
rNeg    + + .      Spirit   .   b - +0 scale mail
rPois   ∞          Reflect  .   (no helmet)
rElec   +          Harm     .   (no cloak)
rCorr   .          Rampage  .   (no gloves)
Will    .....                   x - +0 pair of boots
Stlth   ..........              w - amulet of regeneration
HPRegen 0.97/turn               o - ring of positive energy
MPRegen 0.11/turn               (no ring)

@: no status effects
A: sickness immunity, AC +5, negative energy resistance 1, electricity
resistance, torment resistance 1, petrification resistance
a: no special abilities


You were on level 5 of the Dungeon.
You visited 1 branch of the dungeon, and saw 6 of its levels.

You collected 264 gold pieces.
You spent 131 gold pieces at shops.

Inventory:

Hand Weapons
 a - a +0 flail (weapon)
 E - a +2 dire flail
Missiles
 l - 5 datura-tipped darts
 q - 4 poisoned darts (quivered)
 v - 4 javelins
 y - 4 curare-tipped darts
Armour
 b - a +0 scale mail (worn)
 c - a +0 buckler (worn)
 x - a +0 pair of boots (worn)
Jewellery
 o - a ring of positive energy (left hand)
 w - an amulet of regeneration (around neck)
 z - an amulet of magic regeneration
 B - an amulet of guardian spirit
Scrolls
 e - a scroll of fear {unknown}
 g - 4 scrolls of teleportation {unknown}
 h - 2 scrolls of brand weapon {unknown}
 i - 2 scrolls of immolation {unknown}
 j - a scroll of identify {unknown}
 k - 2 scrolls of fog {unknown}
 m - a scroll of magic mapping {unknown}
 r - 2 scrolls of blinking {unknown}
 t - a scroll of torment {unknown}
 C - a scroll of noise {unknown}
 D - a scroll of enchant weapon {unknown}
Potions
 d - a potion of might
 f - a potion of cancellation {unknown}
 n - a potion of flight {unknown}
 p - a potion of brilliance {unknown}
 s - 3 potions of curing
 u - a potion of magic {unknown}
 A - 3 potions of lignification {unknown}


   Skills:
 + Level 6.3 Fighting
 * Level 7.2 Maces & Flails
 + Level 3.9 Throwing
 - Level 3.2 Armour
 - Level 4.0 Shields


You had 7 spell levels left.
You didn't know any spells.
Your spell library contained the following spells:

 Spells                   Type           Power      Damage    Failure   Level
 Beastly Appendage        Tmut           0%         N/A       80%         1
 Slow                     Hex            0%         N/A       80%         1
 Sting                    Tmut/Pois      0%         1d3       80%         1
 Ensorcelled Hibernation  Hex/Ice        0%         N/A       91%         2
 Poisonous Vapours        Pois/Air       0%         N/A       91%         2
 Wereblood                Tmut           0%         N/A       91%         2
 Spider Form              Tmut/Pois      0%         N/A       99%         3
 Anguish                  Hex/Necr       0%         N/A       100%        4
 Olgreb's Toxic Radiance  Pois           0%         N/A       100%        4


Dungeon Overview and Level Annotations

Branches:
Dungeon (6/15)
 Temple: D:4-7

Altars:
Dithmenos
Fedhas
Hepliaklqana
Vehumet
Yredelemnul

Shops:
D:3 *


Innate Abilities, Weirdness & Mutations

You are immune to sickness and miasma.
Your stone body is resilient. (AC +5)
You are immune to poison.
You resist negative energy. (rN+)
You are resistant to electric shocks. (rElec)
You are resistant to unholy torment.
You are immune to petrification.


Message History

You hit the wight.
The wight is heavily damaged.
The wight closely misses you.
You barely miss the wight.
The wight is heavily damaged.
You block the wight's attack.
You closely miss the wight.
The wight is heavily damaged.
The wight hits you with a +3 war axe of freezing!
The wight freezes you.
You closely miss the wight.
The wight is heavily damaged.
The wight hits you with a +3 war axe of freezing.
The wight freezes you.
You thump the wight!
The wight is almost destroyed.
You block the wight's attack.
You closely miss the wight.
The wight is almost destroyed.
The wight barely misses you.
The wight hits you with a +3 war axe of freezing!
The wight freezes you.
You closely miss the wight.
The wight is almost destroyed.
The wight hits you with a +3 war axe of freezing.
* * * LOW HITPOINT WARNING * * *
The wight freezes you.
* * * LOW HITPOINT WARNING * * *
You hit the wight but do no damage.
The wight is almost destroyed.
You block the wight's attack.
You closely miss the wight.
The wight is almost destroyed.
The wight barely misses you.
You closely miss the wight.
The wight is almost destroyed.
The wight hits you with a +3 war axe of freezing!
* * * LOW HITPOINT WARNING * * *
The wight freezes you.
You die...

#..<†.....# #.........#
#.....[...# #.>.......# ##
######.........# #.
#.........#...## ##.
#.........###..####..
#..........###.##....
#..z@........#....#.#
#.........##....###.#
########.###........#
######..#.)......###
######..........##.##...#
###......####.##..##.####.#
#...###### #....###..###..
##.### ##.#### ##..###.
#..# ##..# ##.##..


You could see a wight.

Vanquished Creatures
  A human (D:6)
  An ice beast (D:5)
  A black bear (D:5)
  A phantom (D:5)
  A necrophage (D:5)
  2 scorpions (D:4)
  A wight (D:6)
  A howler monkey (D:5)
  A hound (D:5)
  An orc priest (D:4)
  A jelly (D:5)
  3 iguanas (D:4)
  6 orc wizards
  8 gnolls
  2 adders
  2 white imps
  2 worms (D:2)
  2 dart slugs
  17 orcs
  7 ball pythons
  9 bats
  13 endoplasms
  2 giant cockroaches
  9 goblins
  7 hobgoblins
  11 kobolds
  6 quokkas
  4 frilled lizards
  6 rats
128 creatures vanquished.

Vanquished Creatures (others)
  9 fungi (D:5)
  5 plants (D:5)
14 creatures vanquished.

Grand Total: 142 creatures vanquished

Notes
Turn   | Place    | Note
-------+----------+-------------------------------------------
     0 | D:1      | Ordine the Gargoyle Fighter began the quest for the Orb.
     0 | D:1      | Reached XP level 1. HP: 14/14 MP: 1/1
   188 | D:1      | Reached XP level 2. HP: 19/19 MP: 2/2
   189 | D:1      | Found a faded altar of an unknown god.
   213 | D:1      | Got Plato's Secrets of Malediction
   509 | D:1      | Reached XP level 3. HP: 23/23 MP: 3/3
   825 | D:2      | Reached skill level 3 in Maces & Flails
  1598 | D:2      | Reached XP level 4. HP: 29/29 MP: 4/4
  1948 | D:3      | Found Oghal's Assorted Antiques.
  1957 | D:3      | Bought a white potion for 17 gold pieces
  1957 | D:3      | Bought a scroll labelled BIQUTAD VITEC for 19 gold pieces
  2219 | D:3      | Found a radiant altar of Vehumet.
  2604 | D:4      | Reached XP level 5. HP: 28/33 MP: 5/5
  2687 | D:4      | Found a hazy altar of Hepliaklqana.
  2687 | D:4      | Found a shadowy altar of Dithmenos.
  2689 | D:4      | Noticed a shadow
  2757 | D:4      | Reached skill level 1 in Throwing
  2788 | D:4      | Reached skill level 4 in Maces & Flails
  2917 | D:4      | Reached XP level 6. HP: 31/39 MP: 6/6
  3476 | D:3      | Bought a square amethyst amulet for 95 gold pieces
  3500 | D:5      | Entered Level 5 of the Dungeon
  3527 | D:5      | Reached skill level 5 in Maces & Flails
  3578 | D:5      | Noticed an ice beast
  3639 | D:5      | Noticed a black bear
  3657 | D:5      | Killed a black bear
  3658 | D:5      | Reached skill level 5 in Fighting
  3658 | D:5      | Reached XP level 7. HP: 39/44 MP: 7/7
  4087 | D:4      | Reached skill level 6 in Maces & Flails
  4465 | D:4      | Reached XP level 8. HP: 40/51 MP: 8/8
  4523 | D:5      | Found a blossoming altar of Fedhas.
  4900 | D:6      | Found a runed translucent door.
  4905 | D:6      | Found a basalt altar of Yredelemnul.
  4925 | D:6      | Reached skill level 7 in Maces & Flails
  5118 | D:5      | Slain by a wight

Illustrated notes

Levels and vault maps discovered:
D:1:      minmay_arrival_shattered_statue, layout_rooms,
          shapermc_ecumenical_altar_rom_forum, minmay_misc_feat_encased
D:2:      layout_loops_ring
D:3:      layout_rooms, mainiacjoe_overflow_alcove_2, serial_shops,
          nicolae_shop_overgrown_old_shop
D:4:      layout_loops_corners, riverfiend_overflow_shadow_ancestor
D:5:      layout_rooms, fedhas_altar_3
D:6:      layout_loops_corners, dk_yredelemnul_ordeal,
          minmay_temple_entry_slanted, serial_shops, shop,
          nicolae_elemental_shop

Skill      XL: |  1  2  3  4  5  6  7  8 |
---------------+-------------------------+-----
Maces & Flails | 3 4 5 6 7 |  7.2
Fighting       | 4 5 6 |  6.3
Shields        | 4 |  4.0
Throwing       | 1 2 3 |  3.9
Armour         | |  3.2

Action                   |  1- 3 |  4- 6 |  7- 9 || total
-------------------------+-------+-------+-------++-------
Melee: Flail             |   132 |   220 |   177 ||   529
  Use: Potion            |       |     1 |     1 ||     2
Armor: Scale mail        |    73 |   143 |    93 ||   309
Dodge: Dodged            |    52 |    85 |    67 ||   204
Block: Buckler           |    25 |    47 |    38 ||   110
